 Dungeon Crawl Stone Soup version 0.29.1-1-gd02db6906a (webtiles) character file.

Game seed: 2471396895796139807

221 GigaChad the Trooper (level 5, 0/48 HPs)
             Began as a Minotaur Fighter on Sept 21, 2022.
             Slain by a gnoll
             ... wielding a +0 spear
              (4 damage)
             ... on level 3 of the Dungeon.
             The game lasted 00:06:01 (2822 turns).

GigaChad the Trooper (Minotaur Fighter)             Turns: 2822, Time: 00:06:02

Health: 0/48       AC:  9    Str: 22    XL:     5   Next: 65%
Magic:  4/4        EV:  8    Int:  5    God:
Gold:   65         SH:  4    Dex: 10    Spells: 4/4 levels left

rFire   . . .      SeeInvis .   a - +0 long sword
rCold   . . .      Faith    .   c - +0 buckler
rNeg    . . .      Spirit   .   e - +0 chain mail
rPois   .          Reflect  .   (helmet restricted)
rElec   .          Harm     .   (no cloak)
rCorr   .          Rampage  .   (no gloves)
Will    .....                   (no boots)
Stlth   ..........              (no amulet)
HPRegen 0.16/turn               (no ring)
MPRegen 0.09/turn               (no ring)

@: no status effects
A: horns 2, retaliatory headbutt
a: no special abilities


You were on level 3 of the Dungeon.
You visited 1 branch of the dungeon, and saw 4 of its levels.

You collected 65 gold pieces.

Inventory:

Hand Weapons
 a - a +0 long sword (weapon)
Armour
 b - a +1 scale mail
 c - a +0 buckler (worn)
 e - a +0 chain mail (worn)
Wands
 n - a wand of flame (2)
Scrolls
 f - a scroll of blinking
 i - 2 scrolls of silence
 l - 2 scrolls of teleportation {unknown}
 m - a scroll of noise
 o - a scroll of identify
Potions
 d - 2 potions of might
 g - 2 potions of curing {unknown}
 h - a potion of berserk rage {unknown}
 j - a potion of attraction {unknown}
 k - a potion of brilliance {unknown}
 q - 2 potions of heal wounds {unknown}


   Skills:
 - Level 5.2 Fighting
 - Level 2.8 Long Blades
 - Level 4.0 Armour
 + Level 4.1 Dodging
 - Level 4.2 Shields


You had 4 spell levels left.
You didn't know any spells.
Your spell library was empty.

Dungeon Overview and Level Annotations

Branches:
Dungeon (4/15)
 Temple: D:4-7

Altars:


Innate Abilities, Weirdness & Mutations

You have a pair of horns on your head.
You reflexively headbutt those who attack you in melee.


Message History

You kill the endoplasm!
You block the gnoll's attack.
Your Dodging skill increases to level 4!
You hit the endoplasm but do no damage.
You headbutt the endoplasm, but do no damage.
The endoplasm freezes you.
You are frozen.
The gnoll hits you from afar with a +0 spear.
The endoplasm hits you but does no damage.
The gnoll hits you but does no damage.
You barely miss the endoplasm. You headbutt the endoplasm.
You kill the endoplasm!
The gnoll hits you from afar with a +0 spear.
You closely miss the gnoll.
The gnoll hits you from afar with a +0 spear.
The gnoll hits you with a +0 flail.
You hit the gnoll. Your headbutt misses the gnoll.
The gnoll is lightly wounded.
You block the gnoll's attack. The gnoll hits you with a +0 flail!
The gnoll closely misses you. You block the gnoll's attack.
You slash the gnoll!
The gnoll is severely wounded.
The gnoll hits you but does no damage. The gnoll hits you with a +0 flail.
You barely miss the gnoll. You headbutt the gnoll.
You kill the gnoll!
The gnoll hits you but does no damage.
You hit the gnoll.
The gnoll is moderately wounded.
The gnoll hits you from afar with a +0 spear.
The gnoll hits you with a +0 flail.
* * * LOW HITPOINT WARNING * * *
You closely miss the gnoll.
The gnoll is moderately wounded.
The gnoll hits you from afar with a +0 spear.
* * * LOW HITPOINT WARNING * * *
The gnoll hits you with a +0 flail.
* * * LOW HITPOINT WARNING * * *
The gnoll closely misses you.
The gnoll hits you from afar with a +0 spear.
You die...

#...##.... ####....#....
.......#.... .......
#.....#.... .......
#.......... .......
#......†... .......######
#..........
.....g...##.######).......(#
.....g.J.##@#..........###.#
.......g..#g.....##....# #††
[.........gg........#....##.
.........#........#####..##.
........##........# ..#..
#......###.......## #....
......# #......... ......
...... .........## ##....
...... ............ ......


You could see 3 gnolls.

Vanquished Creatures
  A necrophage (D:4)
  A hound (D:4)
  A gnoll (D:3)
  5 adders
  2 worms (D:2)
  4 dart slugs
  2 orcs
  5 ball pythons
  4 endoplasms
  3 giant cockroaches
  3 goblins
  6 hobgoblins
  6 jackals
  2 quokkas
  4 bats
  5 frilled lizards
  5 kobolds
  3 rats
62 creatures vanquished.

Notes
Turn   | Place    | Note
-------+----------+-------------------------------------------
     0 | D:1      | GigaChad the Minotaur Fighter began the quest for the Orb.
     0 | D:1      | Reached XP level 1. HP: 19/19 MP: 0/0
    96 | D:1      | Reached XP level 2. HP: 23/27 MP: 1/1
   120 | D:1      | Found a faded altar of an unknown god.
   454 | D:1      | Reached skill level 4 in Fighting
   708 | D:2      | Reached XP level 3. HP: 33/33 MP: 2/2
  1239 | D:2      | Reached skill level 5 in Fighting
  1295 | D:2      | You fall into a shaft and drop 2 floors!
  1308 | D:4      | Reached XP level 4. HP: 41/42 MP: 3/3
  1486 | D:4      | Reached skill level 1 in Dodging
  2244 | D:4      | Noticed a necrophage
  2253 | D:4      | Killed a necrophage
  2254 | D:4      | Reached XP level 5. HP: 28/48 MP: 4/4
  2822 | D:3      | Slain by a gnoll

Illustrated notes

Levels and vault maps discovered:
D:1:      zaba_arrival_water, layout_basic,
          hellmonk_ecumenical_altar_arch_garden
D:2:      layout_basic
D:3:      layout_rooms, mainiacjoe_overflow_big_doors
D:4:      layout_loops_ring, kennysheep_windowed_goal

Skill      XL: |  1  2  3  4  5 |
---------------+----------------+-----
Shields        | 4 |  4.2
Fighting       | 4 5 |  5.2
Armour         | 4 |  4.0
Dodging        | 3 4 |  4.1
Long Blades    | |  2.8

Action                   |  1- 3 |  4- 6 || total
-------------------------+-------+-------++-------
Melee: Long sword        |   100 |    61 ||   161
       Headbutt          |    14 |    11 ||    25
  Use: Scroll            |     7 |       ||     7
Armor: Scale mail        |    81 |     6 ||    87
       Chain mail        |       |    42 ||    42
Dodge: Dodged            |    78 |    39 ||   117
Block: Buckler           |    31 |    18 ||    49
